[Event "ICC tourney 1954 (60 10)"]
[Site "Internet Chess Club"]
[Date "2020.08.08"]
[Round "4"]
[White "nagapraneel"]
[Black "SreeVSundaram"]
[Result "0-1"]
[ICCResult "White resigns"]
[WhiteElo "752"]
[BlackElo "638"]
[Opening "Sicilian defense"]
[ECO "B40"]
[NIC "SI.43"]
[Time "12:02:58"]
[TimeControl "3600+10"]

1. e4 c5 2. Nf3 e6 3. Nc3 Nc6 4. Bc4 Nf6 5. O-O d5 6. Bb5 Bd7 7. exd5 exd5
8. Qe1+ Be7 9. d3 Qc7 10. Bg5 d4 11. Ne4 Nxe4 12. Qxe4 f6 13. Bd2 O-O-O 14.
Bxc6 Bxc6 15. Qe2 Rhe8 16. Rae1 Bd6 17. Qd1 Bxf3 18. Qxf3 Bxh2+ 19. Kh1 Bd6
20. b3 Re7 21. a4 Rde8 22. Qf5+ Qd7 23. Qxd7+ Kxd7 24. Rxe7+ Rxe7 25. f3 Re2
26. Rd1 Kc6 27. Kg1 Bg3 28. Kf1 Rf2+ 29. Kg1 g5 30. Rf1 Rxd2 31. Rc1 f5 32.
Kf1 g4 33. fxg4 fxg4 34. a5 h5 35. Kg1 h4 36. Kh1 h3 37. gxh3 gxh3 38. Kg1
Kb5 39. Kh1 Kb4 {White resigns} 0-1

[Event "ICC tourney 1954 (60 10)"]
[Site "Internet Chess Club"]
[Date "2020.08.08"]
[Round "4"]
[White "Mikanikal"]
[Black "Cougar2020"]
[Result "1/2-1/2"]
[ICCResult "Game drawn by repetition"]
[WhiteElo "1318"]
[BlackElo "1155"]
[Opening "Queen's pawn, Mason variation"]
[ECO "D00"]
[NIC "QP.08"]
[Time "12:02:23"]
[TimeControl "3600+10"]

1. d4 d5 2. Bf4 Nf6 3. e3 e6 4. Nf3 Nbd7 5. Bd3 Be7 6. h3 c6 7. O-O O-O 8.
c4 Re8 9. Nc3 h6 10. a3 dxc4 11. Bxc4 b5 12. Bb3 Bb7 13. Rc1 a6 14. Qc2 c5
15. dxc5 Nxc5 16. Rfd1 Qb6 17. Ba2 Rad8 18. Qe2 Rxd1+ 19. Nxd1 Rc8 20. Be5
Qd8 21. Rc2 Qd3 22. Qxd3 Nxd3 23. Rxc8+ Bxc8 24. Bb1 Nxe5 25. Nxe5 Nd7 26.
Nc6 Bd6 27. b4 Ne5 28. Nxe5 Bxe5 29. f4 Bc7 30. Kf2 a5 31. Bd3 Bd7 32. Nc3
axb4 33. axb4 Bd6 34. Bxb5 Bxb5 35. Nxb5 Bxb4 36. Kf3 Kf8 37. e4 Ke7 38. Nd4
Bc5 39. Nc6+ Kd7 40. Ne5+ Ke7 41. g4 Bd6 42. Nc4 g6 43. h4 f6 44. g5 fxg5
45. fxg5 h5 46. e5 Bc7 47. Ke4 Kd7 48. Nb2 Ba5 49. Nd3 Ke7 50. Kd4 Kf7 51.
Kc5 Ke7 52. Kc6 Bc3 53. Nf4 Kf7 54. Kd6 Be1 55. Nxe6 Bxh4 56. Nd8+ Ke8 57.
Ne6 Kf7 58. Nd8+ Ke8 59. Ne6 Kf7 {Game drawn by repetition} 1/2-1/2

[Event "ICC tourney 1954 (60 10)"]
[Site "Internet Chess Club"]
[Date "2020.08.08"]
[Round "4"]
[White "ABecker755"]
[Black "QueeningPawn8"]
[Result "1-0"]
[ICCResult "Black resigns"]
[WhiteElo "1375"]
[BlackElo "929"]
[Opening "Sicilian: Alapin's variation (2.c3)"]
[ECO "B22"]
[NIC "SI.46"]
[Time "12:02:58"]
[TimeControl "3600+10"]

1. e4 c5 2. c3 Nc6 3. d4 e6 4. Nf3 d5 5. exd5 exd5 6. Bb5 Ne7 7. Bg5 Qa5 8.
Qe2 Be6 9. Ne5 Rc8 10. dxc5 a6 11. Bxe7 Bxe7 12. Nxc6 bxc6 13. Bxa6 Ra8 14.
Bb7 Rd8 15. Bxc6+ Bd7 16. Bxd7+ Rxd7 17. b4 Qc7 18. O-O O-O 19. Nd2 Bf6 20.
Qf3 Re8 21. Rfe1 Ra8 22. Re3 h6 23. Nb3 Ra3 24. Re2 Qc6 25. Qf5 Rda7 26.
Rae1 Ra8 27. Qf3 Rxa2 28. Rxa2 Rxa2 29. Nd4 Bxd4 30. cxd4 Ra4 31. b5 Qxb5
32. Qxd5 Qc4 33. Qxc4 Rxc4 34. Rd1 Kf8 35. Kf1 Ke7 36. Rd2 Kd7 37. Ke2 Kc6
38. Kd3 Kd5 39. Ke3 Rc3+ 40. Rd3 Rc2 41. Ra3 g5 42. Ra7 f5 43. g3 Rc3+ 44.
Kd2 Kxd4 45. Rd7+ Kc4 46. c6 Ra3 47. c7 Ra8 48. Rd8 Ra2+ 49. Kc1 Kb3 50.
Rb8+ Ka3 51. c8=Q Ra1+ 52. Kd2 Ra2+ 53. Ke3 {Black resigns} 1-0

[Event "ICC tourney 1954 (60 10)"]
[Site "Internet Chess Club"]
[Date "2020.08.08"]
[Round "4"]
[White "buptwy"]
[Black "Maximusiv"]
[Result "1-0"]
[ICCResult "Black checkmated"]
[WhiteElo "602"]
[BlackElo "1014"]
[Opening "Scandinavian defense"]
[ECO "B01"]
[NIC "SD.03"]
[Time "12:02:48"]
[TimeControl "3600+10"]

1. e4 d5 2. exd5 Nf6 3. Nf3 Qxd5 4. Nc3 Qd6 5. Bc4 Bg4 6. O-O Nc6 7. Nb5 Qd7
8. d3 a6 9. Nc3 e6 10. Re1 O-O-O 11. a4 Ne5 12. Rxe5 Bd6 13. Re1 c6 14. Bg5
Qc7 15. h3 Bf5 16. Bxf6 gxf6 17. Nh4 Bxh3 18. gxh3 Bc5 19. Kf1 Qh2 20. Ne4
Qxh3+ 21. Ke2 Qxh4 22. Nxc5 Qh5+ 23. Kd2 Qxc5 24. Kc1 Rd6 25. Qe2 Qg5+ 26.
Qe3 Qa5 27. Kb1 f5 28. Qe5 Qd8 29. Rg1 f6 30. Qc5 b6 31. Bxa6+ Kc7 32. Rg7+
Rd7 33. Rxh7 Rhxh7 34. Qc4 e5 35. Bb5 Rd6 36. Ra3 c5 37. a5 Qb8 38. a6 Qa7
39. b4 Rd4 40. Qe6 Rd6 41. Qxf5 Rh1+ 42. Kb2 cxb4 43. Ra4 Rh4 44. Qg6 Kc8
45. Qe8+ Rd8 46. Qc6+ Kb8 47. Qxf6 Rf4 48. Qxd8# {Black checkmated} 1-0

[Event "ICC tourney 1954 (60 10)"]
[Site "Internet Chess Club"]
[Date "2020.08.08"]
[Round "4"]
[White "FischerInThe90s"]
[Black "vedanta07"]
[Result "0-1"]
[ICCResult "White checkmated"]
[WhiteElo "1120"]
[BlackElo "1345"]
[Opening "QGD: Neo-orthodox variation, 7.Bxf6"]
[ECO "D55"]
[NIC "QO.14"]
[Time "12:02:15"]
[TimeControl "3600+10"]

1. d4 Nf6 2. c4 e6 3. Nc3 d5 4. Bg5 Be7 5. Nf3 O-O 6. e3 h6 7. Bxf6 Bxf6 8.
Be2 Re8 9. O-O dxc4 10. Bxc4 Nc6 11. a3 a6 12. b4 b5 13. Bd3 Bb7 14. Rc1 Ne7
15. Ne4 Nd5 16. Nc5 Ra7 17. e4 Nf4 18. Re1 Bxd4 19. Nxd4 Qxd4 20. e5 Rd8 21.
Nxb7 Rxb7 22. Be4 Qxd1 23. Rcxd1 Rxd1 24. Rxd1 Rb8 25. Rd7 Ne2+ 26. Kf1 Nc3
27. Bf3 Nb1 28. Rxc7 Nxa3 29. Bh5 g6 30. Bf3 Nb1 31. Bb7 Nd2+ 32. Ke2 Nc4
33. Bxa6 Rb6 34. Bxb5 Rxb5 35. Rxc4 Rxe5+ 36. Kf3 Kf8 37. Re4 Rb5 38. Ke3
Ke7 39. Kd3 Kd6 40. Rc4 f5 41. f4 e5 42. fxe5+ Kxe5 43. Rc5+ Rxc5 44. bxc5
Kd5 45. Ke3 Kxc5 46. Kf4 Kd5 47. h3 Ke6 48. h4 Kf6 49. g3 g5+ 50. hxg5+
hxg5+ 51. Kf3 Ke5 52. Ke3 g4 53. Kd3 f4 54. gxf4+ Kxf4 55. Ke2 g3 56. Kf1
Kf3 57. Kg1 g2 58. Kh2 Kf2 59. Kh3 g1=Q 60. Kh4 Qg6 61. Kh3 Qg3#
{White checkmated}
0-1

[Event "ICC tourney 1954 (60 10)"]
[Site "Internet Chess Club"]
[Date "2020.08.08"]
[Round "4"]
[White "janeff1110"]
[Black "NNatha"]
[Result "0-1"]
[ICCResult "White checkmated"]
[WhiteElo "968"]
[BlackElo "1382"]
[Opening "Pirc defense"]
[ECO "B07"]
[NIC "PU.08"]
[Time "12:02:17"]
[TimeControl "3600+10"]

1. e4 d6 2. d4 Nf6 3. Bd3 g6 4. Nf3 Bg7 5. c3 O-O 6. O-O Nbd7 7. Nbd2 e5 8.
Nc4 Re8 9. d5 Nc5 10. Re1 Nxd3 11. Qxd3 Bd7 12. Bg5 h6 13. Be3 Ng4 14. h3
Nxe3 15. Qxe3 f5 16. Ncd2 f4 17. Qd3 g5 18. Nh2 Kh7 19. f3 Rg8 20. c4 h5 21.
Rac1 Bh6 22. Qe2 Rg6 23. c5 Qg8 24. cxd6 cxd6 25. Rc7 Qd8 26. Rxb7 Qc8 27.
Qb5 Rg7 28. Qa6 Kh8 29. Nc4 Qc5+ 30. Kh1 Bc8 31. Nxd6 Bxb7 32. Nxb7 Qb4 33.
Qxh6+ Kg8 34. Qe6+ Kh7 35. Qf5+ Kh8 36. Rb1 Qxb7 37. Qxe5 Qe7 38. Qxe7 Rxe7
39. Rd1 Rb8 40. d6 Rd7 41. e5 Re8 42. Rd5 Kg8 43. Nf1 Kf7 44. Nd2 Ke6 45.
Ra5 Kf5 46. Ne4 Rxe5 47. g4+ fxg3 48. Nxg3+ Ke6 49. Rxe5+ Kxe5 50. Ne4 Kf4
51. Kg2 Rb7 52. b3 Rd7 53. a4 a5 54. Kf2 h4 55. Ke2 g4 56. Nf6 gxf3+ 57. Kf2
Rxd6 58. Nh5+ Kg5 59. Ng7 Rg6 60. Ne8 Kf4 61. Nc7 Rg2+ 62. Kf1 Kg3 63. Ne6
f2 64. Ke2 Rg1 65. Nd4 f1=Q+ 66. Ke3 Qf2+ 67. Ke4 Re1+ 68. Kd5 Rd1 69. b4
Rxd4+ 70. Ke5 Qe3+ 71. Kf5 Rf4+ 72. Kg5 Qe5+ 73. Kg6 Rf6+ 74. Kg7 Qe7+ 75.
Kg8 Rf8# {White checkmated} 0-1

[Event "ICC tourney 1954 (60 10)"]
[Site "Internet Chess Club"]
[Date "2020.08.08"]
[Round "4"]
[White "GreSci"]
[Black "adma2028"]
[Result "0-1"]
[ICCResult "White checkmated"]
[WhiteElo "1077"]
[BlackElo "1332"]
[Opening "Ruy Lopez: Möller defense"]
[ECO "C78"]
[NIC "RL.12"]
[Time "12:02:39"]
[TimeControl "3600+10"]

1. e4 e5 2. Nf3 Nc6 3. Bb5 a6 4. Ba4 Nf6 5. O-O Bc5 6. Bxc6 bxc6 7. Nxe5 Qe7
8. d4 Bd6 9. Nf3 Nxe4 10. Re1 O-O 11. c4 Bb4 12. Bd2 Bxd2 13. Nfxd2 d5 14.
Qa4 Bb7 15. f3 Nc5 16. Rxe7 Nxa4 17. Rxc7 Rab8 18. b3 Nb2 19. Na3 Rfe8 20.
Rb1 Nd3 21. Kf1 Re6 22. g3 Ba8 23. b4 Rbe8 24. Ra7 Nxb4 25. Rxb4 Re1+ 26.
Kg2 R1e2+ 27. Kh3 Rxd2 28. Rxa6 dxc4 29. Nxc4 Rxd4 30. Rba4 Bb7 31. Rb6 Bc8+
32. g4 h5 33. Nb2 hxg4+ 34. fxg4 Bxg4+ 35. Kh4 Rxa4 36. Nxa4 Be6 37. Rxc6
Bxa2 38. Rc3 Re4+ 39. Kg3 Rxa4 40. Rc8+ Kh7 41. Rc5 g6 42. Rc7 Be6 43. Rc3
Rg4+ 44. Kf2 Rh4 45. Kg3 Rh3+ 46. Kf4 Rxc3 47. Kg5 Rc5+ 48. Kf6 Rf5+ 49. Ke7
g5 50. h3 Rf3 51. Ke8 Rxh3 52. Ke7 g4 53. Kf6 g3 54. Ke5 g2 55. Kf6 g1=Q 56.
Ke5 Qg5+ 57. Kd6 Rd3+ 58. Kc6 Qc1+ 59. Kb5 Rb3+ 60. Ka4 Qa3# {White
checkmated} 0-1

[Event "ICC tourney 1954 (60 10)"]
[Site "Internet Chess Club"]
[Date "2020.08.08"]
[Round "4"]
[White "Cgchess"]
[Black "gsgirl"]
[Result "1-0"]
[ICCResult "Black resigns"]
[WhiteElo "1385"]
[BlackElo "945"]
[Opening "Scandinavian: Pytel-Wade variation"]
[ECO "B01"]
[NIC "SD.02"]
[Time "12:02:38"]
[TimeControl "3600+10"]

1. e4 d5 2. exd5 Qxd5 3. Nc3 Qd6 4. Nf3 Nf6 5. d4 Bf5 6. Bb5+ c6 7. Bd3 Bxd3
8. Qxd3 e6 9. O-O Qc7 10. a3 Bd6 11. Bg5 Nbd7 12. Rfe1 h6 13. Bh4 g5 14. Bg3
Bxg3 15. hxg3 O-O-O 16. Qe2 Rdg8 17. Rad1 h5 18. Ne5 Nxe5 19. dxe5 Nd5 20.
Nxd5 exd5 21. e6 fxe6 22. Qxe6+ Qd7 23. Qxd7+ Kxd7 24. c4 Re8 25. Rxe8 Rxe8
26. cxd5 Re2 27. dxc6+ Kxc6 28. Rb1 Kb5 29. f4 gxf4 30. gxf4 Ka4 31. f5 Kb3
32. f6 Re8 33. Rf1 Kxb2 34. f7 Rf8 35. Rf3 b5 36. Kf1 a5 37. Ke1 b4 38. axb4
axb4 39. Kd2 b3 40. Kd3 Ka2 41. Rf2+ b2 42. Kc3 Rc8+ 43. Kd4 Ka1 44. f8=Q
Rxf8 45. Rxf8 b1=Q 46. Ra8+ Qa2 47. Rxa2+ Kxa2 48. Ke4 h4 49. Kf4 Kb3 50.
Kg4 Kc4 51. Kxh4 Kd4 52. Kg5 Ke5 53. g4 Ke6 54. Kg6 Ke7 55. Kg7 Ke8 56. g5
Ke7 57. g6 Ke8 58. Kg8 Ke7 59. g7 Ke8 60. Kh7 Kf7 61. g8=Q+ {Black resigns}
1-0

[Event "ICC tourney 1954 (60 10)"]
[Site "Internet Chess Club"]
[Date "2020.08.08"]
[Round "4"]
[White "kkjrme"]
[Black "ruhanv"]
[Result "1-0"]
[ICCResult "Black checkmated"]
[WhiteElo "1273"]
[BlackElo "936"]
[Opening "Queen's pawn, Mason variation"]
[ECO "D00"]
[NIC "QP.08"]
[Time "12:02:29"]
[TimeControl "3600+10"]

1. d4 d5 2. Bf4 c6 3. Nf3 Nf6 4. e3 Qb6 5. Qc1 Bf5 6. Nbd2 e6 7. Be2 Nbd7 8.
O-O Be7 9. h3 O-O 10. c4 Rfe8 11. c5 Qd8 12. Nh4 Bg6 13. Nxg6 hxg6 14. b4
Rc8 15. Qc2 Nb8 16. a4 Qd7 17. b5 Bd8 18. bxc6 Nxc6 19. Rab1 a6 20. Nf3 Ne4
21. Ne5 Nxe5 22. Bxe5 f6 23. f3 Nxc5 24. dxc5 fxe5 25. Qxg6 Bf6 26. Rb6 Qe7
27. Rc1 Bg5 28. f4 Bxf4 29. exf4 Rxc5 30. Rcb1 Rc7 31. Bg4 Qc5+ 32. Kh2 Qe3
33. Qxe8+ Kh7 34. Qh5+ Kg8 35. Bxe6+ Kf8 36. Qf5+ Ke7 37. Qf7+ Kd8 38. Rd6+
Rd7 39. Qxd7# {Black checkmated} 1-0

[Event "ICC tourney 1954 (60 10)"]
[Site "Internet Chess Club"]
[Date "2020.08.08"]
[Round "4"]
[White "meahulm"]
[Black "TigranJunior"]
[Result "0-1"]
[ICCResult "White resigns"]
[WhiteElo "968"]
[BlackElo "1305"]
[Opening "Caro-Kann: Steinitz variation"]
[ECO "B17"]
[NIC "CK.09"]
[Time "12:36:02"]
[TimeControl "3600+10"]

1. e4 c6 2. d4 d5 3. Nc3 dxe4 4. Nxe4 Nd7 5. Bc4 Ngf6 6. Ng3 e6 7. Nf3 Nb6
8. Bd3 Bd6 9. Ne4 Nxe4 10. Bxe4 h6 11. O-O Nd5 12. Re1 Nf6 13. Bd3 Qe7 14.
Be4 Bd7 15. c4 O-O-O 16. d5 Bc7 17. Qb3 Nxe4 18. Rxe4 Qf6 19. Be3 exd5 20.
cxd5 cxd5 21. Rb4 Bc6 22. Bxa7 Rhe8 23. Nd4 Qe5 24. Nf3 Qd6 25. Rc1 Re6 26.
Bb6 Rde8 27. Bxc7 Qxc7 28. h3 R8e7 29. Nd4 Re1+ {White resigns} 0-1

[Event "ICC tourney 1954 (60 10)"]
[Site "Internet Chess Club"]
[Date "2020.08.08"]
[Round "4"]
[White "pranavg03"]
[Black "CobaltGame"]
[Result "1-0"]
[ICCResult "Black checkmated"]
[WhiteElo "1172"]
[BlackElo "1254"]
[Opening "QGD: 3.Nc3"]
[ECO "D31"]
[NIC "QP.08"]
[Time "12:02:15"]
[TimeControl "3600+10"]

1. d4 d5 2. c4 e6 3. Nc3 Nc6 4. Bf4 Nf6 5. e3 Bd6 6. Bxd6 Qxd6 7. c5 Qe7 8.
a3 O-O 9. b4 e5 10. dxe5 Qxe5 11. Nb5 a6 12. Nd4 Bg4 13. Be2 Nxd4 14. Qxd4
Qxd4 15. exd4 Rfe8 16. f3 Bf5 17. Kf2 Re6 18. g4 Bg6 19. Nh3 Rae8 20. Nf4
Re3 21. Rhe1 Bc2 22. g5 Nd7 23. Nxd5 Rb3 24. Nxc7 Re7 25. Nd5 Re6 26. Nb6
Nxb6 27. cxb6 Rb2 28. Kg3 Kf8 29. Bc4 Rg6 30. h4 Ba4 31. Re3 h5 32. Rae1 Kg8
33. Re7 Bb3 34. Re8+ Kh7 35. Bd3 Ra2 36. Bxg6+ Kxg6 37. R8e7 Bd5 38. R1e3
Bc6 39. Rc3 Bd5 40. Rd7 Bc6 41. Rxc6+ bxc6 42. b7 Rxa3 43. b8=Q Rxf3+ 44.
Kxf3 a5 45. Qe8 axb4 46. Qxf7+ Kh7 47. Qxg7# {Black checkmated} 1-0

[Event "ICC tourney 1954 (60 10)"]
[Site "Internet Chess Club"]
[Date "2020.08.08"]
[Round "4"]
[White "ChemStud24"]
[Black "BabyFelix"]
[Result "0-1"]
[ICCResult "White resigns"]
[WhiteElo "1335"]
[BlackElo "1142"]
[Opening "Evans gambit: Tartakower attack"]
[ECO "C52"]
[NIC "IG.05"]
[Time "12:02:29"]
[TimeControl "3600+10"]

1. e4 e5 2. Nf3 Nc6 3. Bc4 Bc5 4. b4 Bxb4 5. c3 Ba5 6. d4 d6 7. Qb3 Qd7 8.
O-O Bb6 9. dxe5 Na5 10. e6 fxe6 11. Qb4 Nxc4 12. Qxc4 Ne7 13. e5 O-O 14. Qh4
Ng6 15. Qh5 Rf5 16. Ng5 Nf8 17. Qg4 Rxe5 18. Nd2 h6 19. Ngf3 Ra5 20. Nc4 Ra4
21. Bxh6 Rxc4 22. Qxc4 gxh6 23. Rad1 Ng6 24. Rfe1 Qf7 25. Qg4 e5 26. Qg3 Kh7
27. h4 Qf4 28. Qxf4 Nxf4 29. g3 Nh3+ 30. Kf1 Nxf2 31. Rb1 Bh3+ 32. Ke2 Ne4
33. Rxb6 cxb6 34. Kd3 Nxg3 35. Ng1 Bg4 36. Re3 Bf5+ 37. Kc4 Be6+ 38. Kd3 Nf5
39. Rf3 Rg8 40. Ne2 Nxh4 41. Rf6 Bf5+ 42. Ke3 Rg2 43. Rxd6 Bg4 44. Rd2 Rxe2+
45. Rxe2 Bxe2 46. Kxe2 Kg6 47. Ke3 Kf5 48. Kd3 e4+ 49. Ke3 Ke5 50. Ke2 Kf4
51. Kf2 e3+ 52. Ke2 Ke4 53. c4 Nf5 54. a3 Ng3+ 55. Ke1 Kf3 56. a4 e2 57. c5
Nf1 58. cxb6 axb6 59. a5 Ne3 60. a6 bxa6 61. Kd2 Nc2 62. Kxc2 Kf2
{White resigns}
0-1

[Event "ICC tourney 1954 (60 10)"]
[Site "Internet Chess Club"]
[Date "2020.08.08"]
[Round "4"]
[White "nguyencaptures"]
[Black "Metaworldchess"]
[Result "0-1"]
[ICCResult "White checkmated"]
[WhiteElo "1124"]
[BlackElo "1344"]
[Opening "Sicilian"]
[ECO "B50"]
[NIC "SI.01"]
[Time "12:02:43"]
[TimeControl "3600+10"]

1. e4 c5 2. Nf3 d6 3. c3 Nf6 4. d3 Nc6 5. Be2 e5 6. Bd2 Be7 7. O-O O-O 8.
Na3 d5 9. exd5 Nxd5 10. Nc4 Qc7 11. Qb3 Be6 12. Qa3 b5 13. Ne3 Nf4 14. Rfe1
c4 15. b4 cxd3 16. Bf1 e4 17. Nd4 Nxd4 18. cxd4 f5 19. Rac1 Qd6 20. Qb2 Bf6
21. Bc3 Rfd8 22. f3 Bxd4 23. Bxd4 Qxd4 24. Qxd4 Rxd4 25. Ra1 Rc8 26. fxe4
fxe4 27. g3 Nd5 28. Nxd5 Bxd5 29. a3 Rc2 30. Red1 d2 31. Bxb5 Bc4 32. Ba4
Rb2 33. Kf2 Rd3 34. h4 Rf3+ 35. Kg2 Bd5 36. Rab1 Rxb1 37. Rxb1 e3 38. Bd1
Rf2+ 39. Kg1 Rg2+ 40. Kf1 Rf2+ 41. Kg1 Bf3 42. Bxf3 Rxf3 43. Kg2 Rf2+ 44.
Kg1 e2 45. Kxf2 d1=Q 46. Rxd1 exd1=Q 47. Ke3 Kf7 48. Kf2 Kf6 49. Ke3 Kf5 50.
Kf2 Ke4 51. Kg2 Qg4 52. a4 h5 53. a5 Qf3+ 54. Kh3 Qh1# {White checkmated}
0-1

[Event "ICC tourney 1954 (60 10)"]
[Site "Internet Chess Club"]
[Date "2020.08.08"]
[Round "4"]
[White "guyd52"]
[Black "sujay2010"]
[Result "1/2-1/2"]
[ICCResult "Game drawn by mutual agreement"]
[WhiteElo "992"]
[BlackElo "1378"]
[Opening "Réti opening"]
[ECO "A04"]
[NIC "QP.11"]
[Time "12:02:14"]
[TimeControl "3600+10"]

1. Nf3 e6 2. g3 b6 3. Bg2 Bb7 4. d3 Nf6 5. e4 d6 6. O-O Be7 7. Nbd2 Nbd7 8.
c3 O-O 9. b4 c5 10. Nc4 d5 11. exd5 Nxd5 12. Qc2 cxb4 13. cxb4 Nxb4 14. Qc3
Bf6 15. d4 Nd5 16. Qe1 Ba6 17. Nfd2 Qc7 18. Ba3 Bxc4 19. Rc1 b5 20. Bxf8
Rxf8 21. Nxc4 bxc4 22. Qe2 N7b6 23. Rfd1 Na4 24. Rxc4 Nac3 25. Qd3 Qa5 26.
Bxd5 Nxd5 27. a3 Rd8 28. Rb1 Qa6 29. Rbc1 Nb6 30. R4c3 Qxd3 31. Rxd3 Bxd4
32. Rcd1 e5 33. Kg2 Na4 34. Rb3 Kf8 35. f4 f6 36. fxe5 fxe5 37. Rb7 Ra8 38.
Rf1+ Kg8 39. Rff7 e4 40. Rbd7 e3 41. Rfe7 Bc5 42. Rxg7+ Kf8 43. Rxh7 Ke8 44.
Rdg7 e2 45. Rg8+ Bf8 46. Kf2 {Game drawn by mutual agreement} 1/2-1/2

[Event "ICC tourney 1954 (60 10)"]
[Site "Internet Chess Club"]
[Date "2020.08.08"]
[Round "4"]
[White "thanhcaptures"]
[Black "BotanicalKnight"]
[Result "0-1"]
[ICCResult "White forfeits on time"]
[WhiteElo "1159"]
[BlackElo "1402"]
[Opening "Caro-Kann: advance variation"]
[ECO "B12"]
[NIC "CK.04"]
[Time "12:02:48"]
[TimeControl "3600+10"]

1. e4 c6 2. d4 d5 3. e5 Bf5 4. Nc3 Qb6 5. Nf3 e6 6. Be2 Nd7 7. O-O a6 8. Re1
c5 9. dxc5 Bxc5 10. Rf1 Ne7 11. Na4 Qc7 12. Nxc5 Nxc5 13. b3 O-O 14. Ba3
Rfc8 15. Qd4 b5 16. Nh4 Bg6 17. Nxg6 hxg6 18. Qh4 Nf5 19. Qf4 Ne4 20. Bd3
Nc3 21. f3 Qb6+ 22. Kh1 Qd4 23. Qxd4 Nxd4 24. Bb2 Nf5 25. a4 b4 26. a5 Rc5
27. Bxc3 bxc3 28. Ra4 Ne7 29. Rb1 Ra7 30. Rba1 Rcc7 31. Rb4 Nc6 32. Rb6 Nxe5
33. Bxa6 Nd7 34. Rd6 Nc5 35. Be2 Nxb3 36. cxb3 Rxa5 37. Ra6 c2 38. Rc1 Rxa6
{White forfeits on time}
0-1

[Event "ICC tourney 1954 (60 10)"]
[Site "Internet Chess Club"]
[Date "2020.08.08"]
[Round "4"]
[White "Electryon"]
[Black "DimSum17"]
[Result "1-0"]
[ICCResult "Black checkmated"]
[WhiteElo "1378"]
[BlackElo "985"]
[Opening "English opening"]
[ECO "A05"]
[NIC "QP.11"]
[Time "12:02:44"]
[TimeControl "3600+10"]

1. Nf3 Nf6 2. c4 g6 3. b4 Bg7 4. Bb2 d6 5. g3 O-O 6. Bg2 Be6 7. d3 Nbd7 8.
Ng5 Rb8 9. Nxe6 fxe6 10. O-O c5 11. bxc5 Nxc5 12. Nc3 a6 13. Rb1 Qd7 14. d4
b5 15. dxc5 bxc4 16. Ne4 Rxb2 17. Rxb2 Nxe4 18. Rc2 Nxc5 19. Rxc4 Qb5 20.
Qc2 Rf5 21. Rb1 Qe8 22. Rcb4 Qf7 23. Rb8+ Bf8 24. e3 h5 25. h3 Kh7 26. Rf1
Nd7 27. Rb7 Nc5 28. Rb8 Nd7 29. Rb4 Nc5 30. g4 hxg4 31. Rxg4 Bh6 32. Be4
Nxe4 33. Qxe4 d5 34. Qg2 Qf6 35. e4 dxe4 36. Qxe4 Rg5 37. Re1 e5 38. Rxg5
Qxg5+ 39. Qg2 Qf5 40. Qg3 Bf4 41. Qh4+ Kg7 42. Qxe7+ Kh6 43. Qh4+ Kg7 44.
Qg4 Qf6 45. Rb1 Qf5 46. Rb7+ Kh6 47. Qxf5 gxf5 48. Rb6+ Kg5 49. Rxa6 Kh4 50.
Kg2 e4 51. Rf6 Kg5 52. Rf7 Kg6 53. Rf8 Kg5 54. a4 Bd6 55. Rg8+ Kf4 56. a5 e3
57. fxe3+ Kxe3 58. a6 Bc5 59. h4 f4 60. Kf1 f3 61. h5 f2 62. h6 Bd4 63. h7
Kf3 64. h8=Q Bxh8 65. Rxh8 Kg3 66. Rf8 Kg4 67. Kxf2 Kg5 68. Kg3 Kg6 69. Kg4
Kg7 70. Rf5 Kg6 71. Rf4 Kh6 72. Rf6+ Kg7 73. Kg5 Kh7 74. Rf7+ Kg8 75. Kg6
Kh8 76. Rf8# {Black checkmated} 1-0

[Event "ICC tourney 1954 (60 10)"]
[Site "Internet Chess Club"]
[Date "2020.08.08"]
[Round "4"]
[White "traycon"]
[Black "nbhate"]
[Result "0-1"]
[ICCResult "White resigns"]
[WhiteElo "901"]
[BlackElo "1243"]
[Opening "English: symmetrical variation"]
[ECO "A36"]
[NIC "EO.64"]
[Time "12:02:14"]
[TimeControl "3600+10"]

1. c4 c5 2. Nc3 Nc6 3. g3 e6 4. Bg2 Nge7 5. Nf3 d5 6. cxd5 exd5 7. d4 Nf5 8.
e3 cxd4 9. exd4 Bb4 10. O-O O-O 11. Re1 Be6 12. a3 Be7 13. Bf4 a6 14. Qd2
Bf6 15. Ne2 Re8 16. Ne5 g5 17. Nxc6 bxc6 18. Be5 Bxe5 19. dxe5 h6 20. Nd4
Qb6 21. Nxf5 Bxf5 22. h4 gxh4 23. gxh4 Re6 24. Re3 Rg6 25. Kh2 Re8 26. Rg1
Qc7 27. f4 Kh7 28. h5 Rge6 29. Bh3 Bxh3 30. Rxh3 f6 31. Qd3+ Kh8 32. Qg6 Qh7
33. Rhg3 fxe5 34. Qxh7+ Kxh7 35. Rg7+ Kh8 36. fxe5 Rxe5 37. R7g6 Rxh5+ 38.
Kg2 Rg5+ 39. Kf2 Rf8+ 40. Ke3 Rxg1 41. Rxg1 Rf6 42. Kd4 Kh7 43. Kc5 Rg6 44.
Re1 Rg2 45. Re7+ Kg6 46. b4 Ra2 47. Kxc6 Rxa3 48. Kxd5 Rf3 49. Re6+ Rf6 50.
Re2 h5 51. Rg2+ Kf5 52. Rf2+ Kg5 53. Rg2+ Kh4 54. Ke5 Rb6 55. Rb2 a5 56. b5
Kg4 57. Kd5 h4 58. Kc5 Rb8 59. Rg2+ Kf3 60. Rb2 h3 61. b6 Kg3 62. Kc6 h2 63.
Kc7 Rh8 64. Rb3+ Kf4 65. b7 h1=Q 66. b8=Q Rxb8 67. Kxb8 Qc6 68. Rb1 a4 69.
Rb7 Qxb7+ 70. Kxb7 a3 {White resigns} 0-1

[Event "ICC tourney 1954 (60 10)"]
[Site "Internet Chess Club"]
[Date "2020.08.08"]
[Round "5"]
[White "chessadpa"]
[Black "kstao17"]
[Result "1/2-1/2"]
[ICCResult "Game drawn by mutual agreement"]
[WhiteElo "1117"]
[BlackElo "579"]
[Opening "King's pawn game"]
[ECO "C50"]
[NIC "IG.03"]
[Time "15:17:39"]
[TimeControl "3600+10"]

1. e4 e5 2. Nf3 Nc6 3. Bc4 h6 4. Nc3 Nf6 5. h3 Bc5 6. d3 d6 7. Be3 Bxe3 8.
fxe3 Be6 9. Bb3 Bxb3 10. axb3 O-O 11. Qd2 a6 12. d4 exd4 13. exd4 Re8 14.
Qe2 d5 15. e5 Nd7 16. O-O f6 17. e6 Nb6 18. Rfe1 Qe7 19. Na4 Nxa4 20. bxa4
Nd8 21. c4 dxc4 22. Qxc4 Nxe6 23. d5 b5 24. axb5 axb5 25. Qc1 Rxa1 26. Qxa1
Qc5+ 27. Kh1 Qxd5 28. Qa6 c6 29. Qb7 Rf8 30. Qe7 Nd4 31. Rd1 c5 32. Nh4 Qc4
33. Ng6 Rb8 {Game drawn by mutual agreement} 1/2-1/2

[Event "ICC tourney 1954 (60 10)"]
[Site "Internet Chess Club"]
[Date "2020.08.08"]
[Round "5"]
[White "firelionpro"]
[Black "JKnapp"]
[Result "0-1"]
[ICCResult "White checkmated"]
[WhiteElo "836"]
[BlackElo "872"]
[Opening "Scandinavian (center counter) defense"]
[ECO "B01"]
[NIC "SD.02"]
[Time "15:16:38"]
[TimeControl "3600+10"]

1. e4 d5 2. exd5 Qxd5 3. Nc3 Qd8 4. Nf3 Nf6 5. Bc4 Bf5 6. Ng5 e6 7. O-O Bd6
8. d3 Nbd7 9. Re1 O-O 10. Qf3 Ne5 11. Qd1 Ng6 12. Qf3 Ng4 13. Nge4 Qh4 14.
h3 Nh2 15. Qe3 Nf4 16. Qd4 Nxh3+ 17. gxh3 Nf3+ 18. Kg2 Nxd4 19. Nxd6 Bxh3+
20. Kh2 Nf3+ 21. Kh1 Bg4+ 22. Kg2 Qh3# {White checkmated} 0-1

[Event "ICC tourney 1954 (60 10)"]
[Site "Internet Chess Club"]
[Date "2020.08.08"]
[Round "5"]
[White "Yeetamus123"]
[Black "stanwang"]
[Result "1-0"]
[ICCResult "Black checkmated"]
[WhiteElo "1101"]
[BlackElo "1293"]
[Opening "Scotch game"]
[ECO "C45"]
[NIC "SO.04"]
[Time "15:17:46"]
[TimeControl "3600+10"]

1. e4 e5 2. Nf3 Nc6 3. d4 exd4 4. Nxd4 Nxd4 5. Qxd4 d6 6. Bf4 Qh4 7. Qd2 g6
8. Nc3 Bg7 9. g3 Qe7 10. f3 Bd7 11. O-O-O O-O-O 12. Nd5 Qe6 13. Bc4 Qe8 14.
Qa5 c6 15. Qc7# {Black checkmated} 1-0

[Event "ICC tourney 1954 (60 10)"]
[Site "Internet Chess Club"]
[Date "2020.08.08"]
[Round "5"]
[White "BenPaquet"]
[Black "AF8"]
[Result "1-0"]
[ICCResult "Black checkmated"]
[WhiteElo "925"]
[BlackElo "965"]
[Opening "French: advance, Paulsen attack"]
[ECO "C02"]
[NIC "FR.03"]
[Time "15:16:42"]
[TimeControl "3600+10"]

1. e4 e6 2. d4 d5 3. e5 c5 4. c3 Nc6 5. Nf3 Qb6 6. Na3 a6 7. Be2 Nh6 8. O-O
Nf5 9. Nc2 c4 10. Ne3 Nxe3 11. fxe3 Be7 12. b3 cxb3 13. axb3 O-O 14. c4 dxc4
15. bxc4 Qd8 16. d5 exd5 17. cxd5 Nb4 18. d6 Bg5 19. Ba3 Nd5 20. Qxd5 Bxe3+
21. Kh1 Bf4 22. d7 Bxd7 23. Bxf8 Qxf8 24. Qxd7 Ra7 25. e6 fxe6 26. Qxe6+ Kh8
27. Nd4 Qb8 28. g3 Bd2 29. Qf7 Bb4 30. Rab1 Bc5 31. Ne6 Bd6 32. Qxg7#
{Black checkmated}
1-0